 Dungeon Crawl Stone Soup version 0.29.1-1-gd02db6906a (webtiles) character file.

Game seed: 3864792947995407883

55913 keekatzer the Fighter (level 14, -11/170 (172) HPs)
             Began as a Troll Transmuter on Sept 25, 2022.
             Was a Believer of Jiyva.
             Mangled by an orc warrior
             ... wielding a +0 hand axe
              (15 damage)
             ... while paralysed by an orc sorcerer
             ... on level 2 of the Orcish Mines on Sept 28, 2022.
             The game lasted 01:52:53 (13007 turns).

keekatzer the Fighter (Troll Transmuter)           Turns: 13007, Time: 01:52:54

HP:   -11/170 (172) AC:  8    Str: 23    XL:     14   Next: 40%
MP:   19/20         EV:  1    Int:  9    God:    Jiyva [**....]
Gold: 1561          SH:  0    Dex: 24    Spells: 6/23 levels left

rFire   x . .      SeeInvis .     - Unarmed
rCold   + + +      Faith    .   (shield currently unavailable)
rNeg    . . .      Spirit   .   (body armour currently unavailable)
rPois   +          Reflect  .   (helmet currently unavailable)
rElec   .          Harm     .   (cloak currently unavailable)
rCorr   +          Rampage  .   (gloves unavailable)
Will    +....                   (boots unavailable)
Stlth   ++........              z - amulet of regeneration
HPRegen 2.94/turn               e - +6 ring of dexterity
MPRegen 0.47/turn               w - +6 ring of dexterity

@: paralysed, ice-form, lightly drained
A: freezing attack, amphibious, boosted hp, large, unfitting armour, (claws 3),
regeneration 1, (shaggy fur 1), (tough skin 1)
a: End Transformation, Renounce Religion


You were on level 2 of the Orcish Mines.
You worshipped Jiyva.
Jiyva was pleased with you.
You were a creature of crystalline ice.
You visited 5 branches of the dungeon, and saw 19 of its levels.
You also visited: Sewer and Bailey.

You collected 1561 gold pieces.

Inventory:

Hand Weapons
 B - a +0 dire flail
 T - the +5 flail of Ignis's Vengeance {vorpal, rN+ SInv}
   (You found it on level 9 of the Dungeon)

   It inflicts extra damage upon your enemies.
   rN:        It protects you from negative energy.
   SInv:      It lets you see invisible.
Armour
 u - a +0 hat (melded)
 M - an orb of light (melded)
 O - a +0 cloak (melded)
 W - a +0 troll leather armour
 X - a +2 robe of positive energy
 Y - a +0 kite shield
 Z - a +0 robe of the Archmagi (melded)
Jewellery
 e - a +6 ring of dexterity (left front paw)
 w - a +6 ring of dexterity (right front paw)
 y - a ring of willpower
 z - an amulet of regeneration (around neck)
 C - a ring of ice
 I - a ring of flight
 L - a ring of see invisible
 S - a ring of protection from cold
 V - a +6 ring of intelligence
Wands
 A - a wand of roots (22)
 H - a wand of flame (11)
 J - a wand of charming (9)
 N - a wand of polymorph (4)
Scrolls
 d - 9 scrolls of teleportation
 f - 2 scrolls of blinking
 j - a scroll of identify
 l - 3 scrolls of amnesia
 q - 3 scrolls of fear
 s - a scroll of magic mapping
 t - 5 scrolls of enchant weapon
 v - 2 scrolls of butterflies
 x - 3 scrolls of vulnerability
 D - 2 scrolls of poison
 E - 2 scrolls of immolation {unknown}
 F - a scroll of torment
 G - 3 scrolls of noise {unknown}
 K - 4 scrolls of summoning
Potions
 b - 2 potions of lignification
 c - 15 potions of curing
 g - 4 potions of cancellation
 h - 2 potions of flight
 i - 3 potions of ambrosia
 k - 2 potions of haste
 m - 5 potions of invisibility
 n - 5 potions of mutation
 o - a potion of might
 p - 5 potions of heal wounds
 r - 3 potions of resistance {unknown}
 P - 3 potions of magic {unknown}
 Q - 6 potions of brilliance {unknown}
 R - 5 potions of berserk rage {unknown}
 U - 2 potions of attraction {unknown}
Miscellaneous
 a - a lightning rod (4/4)


   Skills:
 + Level 10.6 Fighting
 + Level 9.9 Dodging
 * Level 9.8 Unarmed Combat
 - Level 5.0 Spellcasting
 - Level 8.2 Transmutations
 - Level 9.0 Ice Magic


You had 6 spell levels left.
You knew the following spells:

 Your Spells              Type           Power      Damage    Failure   Level
a - Beastly Appendage     Tmut           34%        N/A       1%          1
b - Wereblood             Tmut           17%        N/A       1%          2
c - Ice Form              Ice/Tmut       17%        N/A       7%          4
d - Ozocubu's Armour      Ice            18%        N/A       1%          3
e - Ozocubu's Refrigerat  Ice            9%         4d9       99%         7

Your spell library contained the following spells:

 Spells                   Type           Power      Damage    Failure   Level
 Spider Form              Tmut/Pois      9%         N/A       14%         3
 Shock                    Conj/Air       8%         1d3       24%         1
 Slow                     Hex            8%         N/A       24%         1
 Ignite Poison            Fire/Tmut/Pois 7%         N/A       24%         3
 Static Discharge         Conj/Air       2%         3-4/arc   36%         2
 Sublimation of Blood     Necr           2%         N/A       36%         2
 Petrify                  Tmut/Erth      9%         N/A       41%         4
 Confusing Touch          Hex            2%         N/A       58%         3
 Conjure Flame            Conj/Fire      2%         6-21      58%         3
 Swiftness                Air            2%         N/A       58%         3
 Vampiric Draining        Necr           2%         2d6       58%         3
 Irradiate                Conj/Tmut      4%         3d13      77%         5
 Airstrike                Air            1%         2d(1-17)  94%         4
 Anguish                  Hex/Necr       1%         N/A       94%         4
 Dispel Undead            Necr           2%         3d7       94%         4
 Sticky Flame             Conj/Fire      2%         2d3       94%         4
 Summon Lightning Spire   Summ/Air       2%         N/A       94%         4
 Dispersal                Tloc           1%         N/A       100%        6
 Enfeeble                 Hex            1%         N/A       100%        7
 Storm Form               Tmut/Air       4%         N/A       100%        7
 Summon Hydra             Summ           1%         N/A       100%        7
 Disjunction              Tloc           1%         N/A       100%        8
 Maxwell's Capacitive Co  Air            1%         ∞         100%        8


Dungeon Overview and Level Annotations

Branches:
Dungeon (10/15)            Temple (1/1) D:4            Lair (5/5) D:10
  Swamp (0/4) Lair:3       Spider (0/4) Lair:2        Slime (0/5) Lair:5
    Orc (2/2) D:9             Elf (1/3) Orc:2         Sewer (visited)
 Bailey (visited)

Altars:
Ashenzari
Cheibriados
Dithmenos
Elyvilon
Fedhas
Gozag
Hepliaklqana
Kikubaaqudgha
Makhleb
Nemelex Xobeh
Okawaru
Qazlal
Ru
Sif Muna
Trog
Uskayaw
Vehumet
Wu Jian
Xom
Yredelemnul
Zin
The Shining One
Jiyva

Annotations:
Lair:5 1 runed translucent door
Orc:2 Saint Roka


Innate Abilities, Weirdness & Mutations

You are a creature of crystalline ice.
You have a powerful freezing melee attack.
You are amphibious.
Your maximum health is increased.
Your armour is entirely melded.
You are incapable of wielding weapons or throwing items.
You are too large for most types of armour.
((You have claws for hands.))
Your natural rate of healing is unusually fast.
((You are covered in fur. (AC +1)))
((You have tough skin. (AC +1)))


Message History

The orc warrior hits you with a +0 hand axe!
The jelly misses the orc.
You pummel the orc warrior!! You freeze the orc warrior.
The orc warrior is almost dead.
The ogre completely misses you.
The orc completely misses the jelly.
Saint Roka calls down the wrath of Beogh upon you.
Beogh smites you!
The orc warrior hits you with a +0 hand axe!!
The jelly barely misses the orc.
You can't go up here!
The orc warrior shoots a bolt.
The bolt hits the jelly!
The orc sorcerer points at you and mumbles some strange words.
You suddenly lose the ability to move!
You stop descending the stairs.
The ogre hits you with a +0 giant spiked club!!
The orc priest calls down the wrath of Beogh upon you.
You resist with significant effort.
Saint Roka hits the jelly with a +1 great sword of flaming!!!
Saint Roka burns the jelly!
The jelly dies!
The orc warrior hits you with a +0 hand axe!!
The orc sorcerer gestures wildly while chanting.
Saint Roka mumbles some strange prayers to Beogh against you.
Beogh smites you! The orc priest barely misses you.
The orc warrior hits you with a +0 hand axe!!
* * * LOW HITPOINT WARNING * * *
The ogre hits you with a +0 giant spiked club.
* * * LOW HITPOINT WARNING * * *
The orc priest hits you with a +0 hand axe.
* * * LOW HITPOINT WARNING * * *
The orc warrior hits you with a +0 hand axe.
* * * LOW HITPOINT WARNING * * *
The ogre hits you with a +0 giant spiked club!!
* * * LOW HITPOINT WARNING * * *
The troll bites you.
* * * LOW HITPOINT WARNING * * *
The troll claws you.
* * * LOW HITPOINT WARNING * * *
The troll barely misses you.
The orc warrior hits you with a +0 hand axe!
You die...

###...#..#..#...............
######.#..........#.............J
.#.#.............................
.................................
.#.......##......................
.................................
.......#.##......................
#...............o................
###.##.........oYOo..............
##.........##..T4o.....o.......
##.......##...o..o............
##......#......3..J.......<..
##..........................
##.#.......................
####.#.#.#..##....#.#.....
#######################


You could see Saint Roka, a sun demon (summoned), an ice devil (summoned), a
troll, an orc sorcerer (strong), 2 orc warriors, an ogre, an orc priest
(strong), an orc (strong) and a neutral jelly (wandering) (fellow slime).

Vanquished Creatures
  Fannar (D:10)
  2 boulder beetles
  7 hydras
  3 orc high priests
  6 orc knights
  A lindwurm (Lair:5)
  An oklob plant (Lair:3)
  5 orc sorcerers (Orc:2)
  The ghost of sleeves the Conjurer, a novice HuHW of Vehumet (D:5)
  A will-o-the-wisp (Lair:2)
  15 elephants (Lair:5)
  5 black mambas
  10 cane toads
  3 molten gargoyles (Lair:5)
  A torpor snail (Lair:4)
  7 rime drakes
  Psyche (D:10)
  21 komodo dragons
  A troll (D:10)
  A polar bear (Lair:2)
  Prince Ribbit (D:6)
  2 hornets
  8 blink frogs
  Sigmund (D:5)
  2 shadows
  A wraith (D:10)
  A vampire (D:9)
  40 yaks
  Eustachio (D:4)
  6 wyverns
  A steam dragon (Lair:5)
  2 basilisks (Lair:5)
  2 wargs
  A swamp worm (Lair:2)
  9 water moccasins
  4 hell hounds (Lair:5)
  A sky beast (D:7)
  3 ice beasts
  32 orc warriors
  4 black bears
  7 ogres
  12 wolves
  7 centaurs
  A phantom (D:6)
  10 bullfrogs
  5 kobold brigands
  A gnoll sergeant (D:7)
  2 scorpions (Lair:2)
  A necrophage (D:4)
  6 wights
  4 killer bees (D:7)
  4 howler monkeys
  4 electric eels
  2 lava snakes (Lair:5)
  4 jellies
  8 hounds
  16 orc priests
  19 hell rats
  16 iguanas
  18 orc wizards
  4 gnolls (D:7)
  2 river rats (Sewer)
  14 adders
  2 ufetubi
  4 worms
  2 dart slugs
  83 orcs
  10 endoplasms
  9 giant cockroaches
  9 goblins
  6 hobgoblins
  9 jackals
  2 quokkas (D:2)
  15 ball pythons
  7 bats
  19 frilled lizards
  21 kobolds
  8 rats
588 creatures vanquished.

Vanquished Creatures (collateral kills)
  Jorgrun (Orc:1)
1 creature vanquished.

Vanquished Creatures (others)
  An orc warrior (Orc:1)
  26 jellies
  4 orc priests
  5 orc wizards
  12 orcs
  A giant cockroach (D:3)
  2 bats (D:3)
  19 fungi
  32 plants
102 creatures vanquished.

Grand Total: 691 creatures vanquished

Notes
Turn   | Place    | Note
-------+----------+-------------------------------------------
     0 | D:1      | keekatzer the Troll Transmuter began the quest for the Orb.
     0 | D:1      | Reached XP level 1. HP: 18/18 MP: 1/1
    23 | D:1      | Reached skill level 1 in Fighting
    74 | D:1      | Reached XP level 2. HP: 26/28 MP: 0/2
    90 | D:1      | Learned a level 2 spell: Wereblood
   132 | D:1      | Reached skill level 2 in Fighting
   276 | D:1      | Reached XP level 3. HP: 35/35 MP: 2/4
   368 | D:1      | Found a faded altar of an unknown god.
   581 | D:3      | Found a glowing drain.
   603 | D:3      | Reached XP level 4. HP: 38/42 MP: 5/5
   609 | Sewer    | Entered a sewer
   709 | Sewer    | Reached skill level 1 in Ice Magic
   805 | Sewer    | Noticed a kobold brigand
   819 | Sewer    | Killed a kobold brigand
   820 | Sewer    | Reached XP level 5. HP: 38/49 MP: 4/6
   951 | Sewer    | Reached XP level 6. HP: 55/57 MP: 8/8
  1128 | D:4      | Found a staircase to the Ecumenical Temple.
  1135 | Temple   | Entered the Ecumenical Temple
  1142 | Temple   | Became a worshipper of the Shining One
  1208 | D:4      | Noticed Eustachio
  1226 | D:4      | Killed Eustachio
  1227 | D:4      | Reached XP level 7. HP: 19/65 MP: 6/9
  1338 | D:5      | Entered Level 5 of the Dungeon
  1442 | D:5      | Reached skill level 5 in Unarmed Combat
  1541 | D:5      | Learned a level 4 spell: Ice Form
  1553 | D:5      | Noticed Sigmund
  1558 | D:5      | Killed Sigmund
  1559 | D:5      | Reached XP level 8. HP: 72/72 MP: 11/11
  1565 | D:5      | Reached * piety under the Shining One
  1750 | D:5      | Noticed sleeves's ghost (novice HuHW)
  1751 | D:5      | Found a runed translucent door.
  1775 | D:5      | Killed sleeves's ghost
  1776 | D:5      | Reached skill level 5 in Transmutations
  1877 | D:5      | Reached skill level 5 in Ice Magic
  1976 | D:6      | Noticed Prince Ribbit
  1989 | D:6      | Killed Prince Ribbit
  1990 | D:6      | Reached XP level 9. HP: 79/79 MP: 12/12
  2143 | D:6      | Found a hazy altar of Hepliaklqana.
  2248 | D:6      | Found a sparkling altar of Nemelex Xobeh.
  2295 | D:6      | Reached ** piety under the Shining One
  2467 | D:7      | Found a white marble altar of Elyvilon.
  2550 | D:7      | Fell from the grace of the Shining One
  2550 | D:7      | Became a worshipper of Elyvilon the Healer
  2750 | D:7      | Reached * piety under Elyvilon
  2773 | D:8      | HP: 3/80 [yak (10)]
  2775 | D:8      | Elyvilon protects you from harm!
  2776 | D:8      | HP: 1/80 [yak (5)]
  2902 | D:7      | Reached skill level 3 in Fighting
  2946 | D:7      | Reached XP level 10. HP: 32/91 MP: 6/13
  3462 | D:8      | Found a hide-covered altar of Uskayaw.
  3703 | D:8      | Reached ** piety under Elyvilon
  3807 | D:8      | Found a glowing silver altar of Zin.
  3927 | D:9      | Found a staircase to the Orcish Mines.
  3942 | D:9      | Paralysed by a hornet for 1 turns
  3954 | D:9      | Reached skill level 4 in Fighting
  4043 | D:9      | Found a flagged portal.
  4115 | Bailey   | Entered a bailey
  4230 | Bailey   | Noticed an orc knight
  4265 | Bailey   | Noticed an orc knight
  4269 | Bailey   | Killed an orc knight
  4343 | Bailey   | Killed an orc knight
  4344 | Bailey   | Reached skill level 5 in Fighting
  4380 | Bailey   | Noticed an orc knight
  4426 | Bailey   | Killed an orc knight
  4427 | Bailey   | Reached XP level 11. HP: 78/104 MP: 13/15
  4590 | D:9      | Found an opulent altar of Gozag.
  4591 | D:9      | Reached *** piety under Elyvilon
  4620 | D:9      | Found an ornate altar of the Wu Jian Council.
  4635 | D:9      | Identified the +5 flail of Ignis's Vengeance {vorpal, rN+
                  | SInv}
  4788 | D:9      | Found a snail-covered altar of Cheibriados.
  4956 | D:10     | Entered Level 10 of the Dungeon
  5068 | D:10     | Noticed Psyche
  5107 | D:10     | Killed Psyche
  5194 | D:10     | Reached skill level 6 in Fighting
  5210 | D:10     | Acquired Ozocubu's Autobiography
  5239 | D:10     | Learned a level 3 spell: Ozocubu's Armour
  5247 | D:10     | Learned a level 7 spell: Ozocubu's Refrigeration
  5256 | D:10     | Noticed Fannar
  5278 | D:10     | Killed Fannar
  5285 | D:10     | Found a basalt altar of Yredelemnul.
  5317 | D:10     | Reached **** piety under Elyvilon
  5399 | D:10     | Reached skill level 5 in Dodging
  5475 | D:10     | Found a staircase to the Lair.
  5536 | Lair:1   | Entered Level 1 of the Lair of Beasts
  6002 | Lair:1   | Noticed a four-headed hydra
  6011 | Lair:1   | Killed a four-headed hydra
  6012 | Lair:1   | Reached XP level 12. HP: 115/115 MP: 15/18
  6029 | Lair:1   | Reached skill level 7 in Fighting
  6062 | Lair:1   | You fall into a shaft and drop 1 floor!
  6093 | Lair:2   | Found a hole to the Spider Nest.
  6101 | Lair:2   | Noticed a boulder beetle
  6128 | Lair:2   | Killed a boulder beetle
  6185 | Lair:2   | Noticed a seven-headed hydra
  6289 | Lair:2   | Killed a seven-headed hydra
  6290 | Lair:2   | Reached skill level 5 in Spellcasting
  6442 | Lair:2   | Reached ***** piety under Elyvilon
  6780 | Lair:2   | Reached skill level 8 in Fighting
  7109 | Lair:1   | Found a glowing golden altar of the Shining One.
  7438 | Lair:3   | Noticed a seven-headed hydra
  7438 | Lair:3   | Found a staircase to the Swamp.
  7443 | Lair:3   | Noticed a four-headed hydra
  7444 | Lair:3   | Killed a seven-headed hydra
  7461 | Lair:2   | HP: 6/122 [poisoned by a cane toad]
  7628 | Lair:3   | Noticed an eight-headed hydra
  7642 | Lair:2   | Killed an eight-headed hydra
  7743 | Lair:3   | Killed a four-headed hydra
  7744 | Lair:3   | Reached XP level 13. HP: 69/123 MP: 17/19
  8104 | Lair:3   | Reached skill level 9 in Fighting
  8239 | Lair:3   | Identified the +1 ring mail "Sacucill" {rF+++ Will++ Str-5}
  8875 | Lair:4   | Reached ****** piety under Elyvilon
  8979 | Lair:5   | Entered Level 5 of the Lair of Beasts
  9112 | Lair:5   | Found a large runed translucent door.
  9323 | Lair:5   | Noticed a fire dragon
  9649 | Lair:5   | Reached skill level 10 in Fighting
  9822 | Lair:5   | Reached XP level 14. HP: 143/143 MP: 14/20
  9904 | Lair:5   | Found a staircase to the Slime Pits.
  9904 | Lair:5   | Found a viscous altar of Jiyva.
  9942 | Lair:5   | Fell from the grace of Elyvilon
  9942 | Lair:5   | Became a worshipper of Jiyva Juqitej the Shapeless
 10633 | D:3      | Found a burning altar of Makhleb.
 10765 | D:3      | Reached * piety under Jiyva
 11448 | D:2      | Reached ** piety under Jiyva
 11844 | Orc:1    | Entered Level 1 of the Orcish Mines
 12106 | Orc:2    | Entered Level 2 of the Orcish Mines
 12108 | Orc:2    | Noticed Saint Roka
 12397 | Orc:2    | Found a staircase to the Elven Halls.
 12440 | Orc:2    | Noticed Jorgrun
 12451 | Elf:1    | Entered Level 1 of the Elven Halls
 12569 | Orc:1    | Killed Jorgrun
 12777 | Orc:2    | Paralysed by an orc sorcerer for 3 turns
 12853 | Orc:2    | Paralysed by an orc sorcerer for 4 turns
 13004 | Orc:2    | Paralysed by an orc sorcerer for 4 turns
 13007 | Orc:2    | HP: 4/170 [troll[Saint Roka] (6)]
 13007 | Orc:2    | Mangled by an orc warrior

Illustrated notes

Levels and vault maps discovered:
D:1:      lemuel_arrival_funnel, layout_rooms,
          hellmonk_ecumenical_altar_slurped_away, nicolae_figureground_pulse
D:2:      layout_loops_ring
D:3:      layout_basic, lemuel_tele_altar, gup_sewer_entry_glass
D:4:      layout_cave_pools, minmay_temple_entry_ruins, st_stairs_14,
          uniq_eustachio
D:5:      layout_rooms, hellmonk_ghost_happy_afterlife,
          nicolae_fountain_basement, uniq_sigmund
D:6:      layout_basic, nemelex_dance_club_becter,
          mainiacjoe_overflow_surrounded_room, uniq_prince_ribbit1
D:7:      layout_loops_ring, mainiacjoe_overflow_alcove_2
D:8:      layout_loops_cross, kennysheep_little_box, general_overflow_altar
D:9:      layout_cave_pools, nicolae_overflow_hidden_temple,
          overflow_temple_1_default, mainiacjoe_overflow_boulevard,
          minmay_orc_entry_temple_small, enter_bailey_5,
          kennysheep_generic_room_13
D:10:     layout_cave_pools, mainiacjoe_overflow_concentric_impassable,
          erik_lair_island, uniq_fannar, uniq_psyche
Temple:   nicolae_temple_no_exploring_needed
Lair:1:   layout_regular_city, lemuel_centaur_altar, infiniplex_staircase_pool_2
Lair:2:   lemuel_reptile_caves, layout_small_grid,
          nicolae_spider_entry_non_spiders, worms_lemuel, lemuel_fruit_tree
Lair:3:   layout_gridlike, minmay_swamp_entry_wisps, minmay_stone_trees_small,
          beast_lair_carwin_8, serial_bayou_shore_b, infiniplex_staircase_pool,
          grunt_megastairs_2
Lair:4:   layout_cellular_growth
Lair:5:   cheibrodos_lair_end_hotspot, layout_cave_pods,
          nicolae_slime_entry_slimehenge, grunt_forest_small_clearing_treed
Orc:1:    layout_diamond_mine, basic_altar, mines1_david
Orc:2:    st_orc_congregation, layout_caves, uniq_jorgrun, uniq_saint_roka
Elf:1:    eino_elf_arrival_customs, layout_geoelf_grid,
          kennysheep_underground_church, minivault_15, minmay_shop_star

Skill      XL: |  1  2  3  4  5  6  7  8  9 10 11 12 13 14 |
---------------+-------------------------------------------+-----
Fighting       | 1 2 3 5 6 8 10 | 10.6
Ice Magic      | 1 2 3 5 7 9 |  9.0
Transmutations | 2 3 5 7 8 |  8.2
Spellcasting   | 2 3 4 5 |  5.0
Unarmed Combat | 4 5 7 8 9 |  9.8
Dodging        | 3 4 5 7 9 |  9.9

Action                   |  1- 3 |  4- 6 |  7- 9 | 10-12 | 13-15 || total
-------------------------+-------+-------+-------+-------+-------++-------
Melee: Unarmed           |    79 |   145 |   218 |   633 |   642 ||  1717
       Kick              |     2 |     6 |    20 |       |     4 ||    32
       Headbutt          |     1 |     2 |    11 |       |     4 ||    18
       Punch             |     1 |     1 |     7 |     5 |     3 ||    17
 Cast: Beastly Appendage |     3 |     3 |     8 |       |     2 ||    16
       Wereblood         |     1 |     1 |     6 |    16 |     8 ||    32
       Ice Form          |       |       |     8 |    53 |    37 ||    98
       Ozocubu's Armour  |       |       |       |    18 |    27 ||    45
  Use: Potion            |       |     1 |     3 |       |     2 ||     6
       Scroll            |       |       |       |     4 |    17 ||    21
 Stab: Sleeping          |       |     1 |       |     1 |     1 ||     3
       Distracted        |       |       |       |       |     1 ||     1
Armor: Robe              |    46 |    40 |    29 |    13 |    16 ||   144
       Skin              |       |       |    14 |   173 |   179 ||   366
Dodge: Dodged            |    50 |    83 |    74 |   453 |   564 ||  1224
